 Dungeon Crawl Stone Soup version 0.31-a0-1066-g35875b34c7 (webtiles) character file.

Game seed: 7543217975171514326

3176 funkygono the Thaumaturge (level 9, -8/47 HPs)
             Began as a Deep Elf Fire Elementalist on Nov 22, 2023.
             Was a Believer of Vehumet.
             Mangled by a troll (10 damage)
             ... on level 7 of the Dungeon.
             The game lasted 00:15:19 (6869 turns).

funkygono the Thaumaturge (DEFE)                    Turns: 6869, Time: 00:15:20

Health: -8/47      AC:  6    Str:  5    XL:     9   Next: 63%
Magic:  24/35      EV: 13    Int: 25    God:    Vehumet [**....]
Gold:   335        SH:  0    Dex: 15    Spells: 19/30 levels left

rFire   . . .        z - +2 dagger (protect)
rCold   . . .        (no shield)
rNeg    . . .        a - +0 robe
rPois   +            n - +1 helmet
rElec   .            (no cloak)
rCorr   .            s - +1 pair of gloves
SInv    .            (no boots)
Will    .....        f - amulet "Zitapreb" {Regen+ MP+9}
Stlth   +++          y - ring of wizardry
HPRegen 1.07/turn    i - ring of poison resistance
MPRegen 0.24/turn

%: wizardry (x1)
@: no status effects
A: no striking features
a: Renounce Religion


You were on level 7 of the Dungeon.
You worshipped Vehumet.
Vehumet was pleased with you.
You visited 2 branches of the dungeon, and saw 8 of its levels.
You also visited: Ossuary.

You collected 335 gold pieces.

Inventory:

Hand Weapons
 h - a +3 dagger
 l - a +1 dagger of draining
 z - a +2 dagger of protection (weapon)
 B - a +3 dagger of freezing
Armour
 a - a +0 robe (worn)
 n - a +1 helmet (worn)
 s - a +1 pair of gloves (worn)
Jewellery
 f - the amulet "Zitapreb" (around neck) {Regen+ MP+9}
   (You acquired it on level 3 of the Dungeon)

   [amulet of regeneration]

   MP+9:      It affects your magic capacity (+9).
   Regen+:    It increases your rate of health regeneration.
 i - a ring of poison resistance (right hand)
 r - a +6 ring of dexterity
 y - a ring of wizardry (left hand)
Talismans
 o - a beast talisman
 A - a serpent talisman
Scrolls
 d - a scroll of immolation
 g - 2 scrolls of teleportation
 q - 2 scrolls of fear
 t - 3 scrolls of poison
 v - a scroll of enchant weapon
 w - a scroll of amnesia
 C - a scroll of identify
 D - a scroll of revelation {unknown}
Potions
 b - a potion of magic
 c - 4 potions of brilliance
 e - 2 potions of cancellation
 j - 3 potions of mutation
 k - 3 potions of curing {unknown}
 m - 2 potions of haste {unknown}
 p - 7 potions of heal wounds
 u - a potion of invisibility {unknown}
 x - a potion of ambrosia {unknown}


   Skills:
 + Level 1.2 Fighting
 + Level 1.6 Short Blades
 + Level 4.0 Dodging
 + Level 4.1 Stealth
 + Level 11.4 Spellcasting
 + Level 6.2 Conjurations
 + Level 9.0 Fire Magic


You had 19 spell levels left.
You knew the following spells:

 Your Spells              Type           Power      Damage    Failure   Level
a - Foxfire               Conj/Fire      100%       2x1d9     1%          1
b - Scorch                Fire           100%       2d9       1%          2
c - Inner Flame           Hex/Fire       36%        N/A       1%          3
d - Flame Wave            Conj/Fire      51%        2d13      1%          4
e - Shock                 Conj/Air       100%       1d9       1%          1

Your spell library contained the following spells:

 Spells                   Type           Power      Damage    Failure   Level
 Searing Ray              Conj           90%        2d7       1%          2
 Kiss of Death            Conj/Necr      100%       2d13      1%          1
 Volatile Blastmotes      Fire/Tloc      72%        2d16      1%          3
 Confusing Touch          Hex            14%        N/A       5%          3
 Dispel Undead            Necr           14%        3d10      16%         4


Dungeon Overview and Level Annotations

Branches:
Dungeon (7/15)             Temple (1/1) D:4         Ossuary (visited)

Altars:
Ashenzari
Cheibriados
Dithmenos
Elyvilon
Fedhas
Gozag
Kikubaaqudgha
Nemelex Xobeh
Okawaru
Qazlal
Ru
Sif Muna
Trog
Vehumet
Wu Jian
Xom
The Shining One

Shops:
D:4 *[   D:6 :


Message History

The flame wave engulfs the troll!
The troll is moderately wounded.
The steam dragon breathes steam at you. The ball of steam hits you!
A wave of flame ripples out!
The flame wave engulfs the steam dragon.
The steam dragon is heavily wounded.
The flame wave engulfs the troll!
The troll is severely wounded.
You finish channelling waves of flame.
You are engulfed in a cloud of scalding steam.
The steam dragon barely misses you.
The steam dragon claws you but does no damage.
Unknown command.
Casting: Flame Wave (dangerous; 1% risk of failure)
Confirm with . or Enter, or press ? or * to list all spells.
Casting: Flame Wave (dangerous; 1% risk of failure)
Press: ? - help, Dir - look around, f - activate A wave of flame ripples out!
The flame wave engulfs the steam dragon!
You kill the steam dragon!
Vehumet accepts your kill. (Press . to intensify the flame waves.)
You are engulfed in a cloud of scalding steam.
Your Dodging skill increases to level 4!
Your Fire Magic skill increases to level 9!
A wave of flame ripples out!
The flame wave engulfs the troll!
The troll is severely wounded.
You are engulfed in a cloud of scalding steam.
* * * LOW HITPOINT WARNING * * *
The troll barely misses you. The troll closely misses you.
The troll barely misses you.
A wave of flame ripples out!
The flame wave engulfs the troll.
The troll is severely wounded.
You finish channelling waves of flame.
You are engulfed in a cloud of scalding steam.
* * * LOW HITPOINT WARNING * * *
The troll bites you but does no damage. The troll closely misses you.
The troll claws you!
You die...

.# ######.............#.§≈...≈§.
.# #........)#####....#.≈.≈§≈.§.
.####........))).......#§§..§§.≈.
..............#####..[.#..≈§§≈≈..
.....##.####### ####..#########
.....##.##### ##.#.#.....#
.######.....# ####.........##
.##########.#######....#####.(...
.............§§.@T......# #..#..
###################.###.####..##[
...♣.♣....♣♣ ♣♣...#.###.#.....##.
≈≈≈~≈~≈≈≈≈.♣♣♣....#.#...+........
≈≈~≈~≈~≈≈≈≈.T..)))............#..
≈≈≈~≈T§≈≈≈.♣♣♣....#.#..).'#######
...♣.♣§§§.♣♣ ♣♣...#.#....#)..#...
# ♣.♣##### #####.#....#...#...
♣♣.♣ ###...##.......


You could see a troll.

Vanquished Creatures
  2 steam dragons
  A water moccasin (D:7)
  An ice beast (D:7)
  2 ogres
  A centaur (D:7)
  A phantom (D:5)
  2 bullfrogs
  A gnoll sergeant (D:4)
  9 scorpions
  6 wights (D:7)
  6 water moccasin zombies (Ossuary)
  2 jellies
  5 orc priests
  4 hounds
  2 iguanas
  10 orc wizards
  2 mummies (Ossuary)
  6 adders
  12 gnolls
  A shadow imp (D:7)
  2 ufetubi (D:7)
  5 adder zombies (Ossuary)
  A worm (D:4)
  5 dart slugs
  20 orcs
  6 ball pythons
  7 bats
  6 endoplasms
  3 giant cockroaches
  9 goblins
  5 hobgoblins
  4 jackals (D:2)
  13 kobolds
  3 quokkas
  4 frilled lizards
  A gnoll zombie (Ossuary)
  A goblin zombie (D:4)
  4 hobgoblin zombies (Ossuary)
  4 kobold zombies (Ossuary)
  7 orc zombies (Ossuary)
  7 rats
  A rat zombie (D:4)
194 creatures vanquished.

Vanquished Creatures (collateral kills)
  A foxfire (D:6)
1 creature vanquished.

Vanquished Creatures (others)
  A bullfrog (D:7)
  561 foxfires
562 creatures vanquished.

Grand Total: 757 creatures vanquished

Notes
Turn   | Place    | Note
-------+----------+-------------------------------------------
     0 | D:1      | funkygono the Deep Elf Fire Elementalist began the quest
                  | for the Orb.
     0 | D:1      | Reached XP level 1. HP: 10/10 MP: 6/6
   162 | D:1      | Reached XP level 2. HP: 15/15 MP: 4/8
   733 | D:1      | Learned a level 2 spell: Scorch
   781 | D:2      | Reached XP level 3. HP: 19/19 MP: 4/9
   785 | D:2      | Learned a level 3 spell: Inner Flame
  1074 | D:2      | Reached skill level 4 in Spellcasting
  1074 | D:2      | Reached XP level 4. HP: 24/24 MP: 8/12
  1949 | D:2      | Learned a level 4 spell: Flame Wave
  2651 | D:3      | Reached XP level 5. HP: 28/28 MP: 11/14
  3038 | D:3      | Reached skill level 5 in Spellcasting
  3134 | D:3      | Identified a scroll of acquirement
  3134 | D:3      | Acquired the amulet "Zitapreb" {Regen+ MP+9}
  3302 | D:4      | Found a glowing golden altar of the Shining One.
  3482 | D:4      | Found a sand-covered staircase.
  3500 | Ossuary  | Entered an ossuary
  3533 | Ossuary  | Reached skill level 5 in Fire Magic
  3533 | Ossuary  | Reached XP level 6. HP: 29/32 MP: 10/16
  3664 | Ossuary  | Reached skill level 6 in Spellcasting
  3779 | Ossuary  | Reached XP level 7. HP: 32/37 MP: 8/18
  4120 | D:4      | Found a staircase to the Ecumenical Temple.
  4145 | D:4      | Reached skill level 7 in Spellcasting
  4244 | Temple   | Entered the Ecumenical Temple
  4259 | Temple   | Became a worshipper of Vehumet
  4373 | D:4      | Found Taetor's Antique Armour Emporium.
  4564 | D:4      | Found Utumor's General Store.
  4692 | D:5      | Entered Level 5 of the Dungeon
  4706 | D:5      | Reached skill level 1 in Fighting
  4768 | D:5      | Reached skill level 8 in Spellcasting
  4770 | D:5      | Reached XP level 8. HP: 43/43 MP: 22/22
  5014 | D:5      | Reached skill level 5 in Conjurations
  5212 | D:5      | Found a stormy altar of Qazlal.
  5579 | D:6      | Found a snail-covered altar of Cheibriados.
  5587 | D:6      | Reached skill level 9 in Spellcasting
  5643 | D:6      | Reached * piety under Vehumet
  5643 | D:6      | Offered knowledge of Shock by Vehumet.
  5646 | D:6      | Learned a level 1 spell: Shock
  5755 | D:6      | Found Reiti's Book Shoppe.
  5827 | D:6      | Reached skill level 10 in Spellcasting
  5827 | D:6      | Reached XP level 9. HP: 47/47 MP: 25/25
  5969 | D:6      | Found a bloodstained altar of Trog.
  6434 | D:7      | Reached skill level 1 in Short Blades
  6451 | D:7      | Found a blossoming altar of Fedhas.
  6482 | D:7      | Found a sacrificial altar of Ru.
  6488 | D:7      | Offered knowledge of Searing Ray by Vehumet.
  6502 | D:7      | Reached ** piety under Vehumet
  6505 | D:7      | Reached skill level 11 in Spellcasting
  6833 | D:7      | Noticed a cyclops
  6835 | D:7      | Noticed a komodo dragon
  6836 | D:7      | Noticed a troll
  6838 | D:7      | Noticed a deep elf pyromancer
  6869 | D:7      | HP: 1/47 [something (10)]
  6869 | D:7      | Mangled by a troll

Illustrated notes

Levels and vault maps discovered:
D:1:      minmay_arrival_stone_box, layout_rooms
D:2:      layout_loops_ring, minmay_3d_cube
D:3:      kennysheep_six_static_rooms, layout_basic
D:4:      layout_cave_pools, mainiacjoe_overflow_tiny_flanked,
          minmay_temple_entry_statues_pillars, enter_ossuary_4, serial_shops,
          nicolae_shop_pleasant_corner_grove, nicolae_shop_crystal
D:5:      layout_cave_pools, lemuel_tele_altar, item_on_display_a
D:6:      layout_rooms, mainiacjoe_overflow_chevrons, kennysheep_slug_shrine,
          serial_shops, nicolae_book_shop_shelving
D:7:      nzn_winding_woodlands_large [nzn_winding_woodlands_5x5_three,
          nzn_winding_woodlands_5x15_crooked,
          nzn_winding_woodlands_5x5_open_star,
          nzn_winding_woodlands_center_diamonds,
          nzn_winding_woodlands_15x15_thick_spiral,
          nzn_winding_woodlands_center_triple_pond,
          nzn_winding_woodlands_5x5_default,
          nzn_winding_woodlands_5x15_river_crossing,
          nzn_winding_woodlands_hourglass], layout_basic,
          mainiacjoe_overflow_paths, makhleb_blood_cavern_becter,
          nicolae_ru_great_annihilating_truth, minmay_statues_item,
          grunt_livestock
Temple:   hellmonk_temple_of_storms

Skill      XL: |  1  2  3  4  5  6  7  8  9 |
---------------+----------------------------+-----
Fire Magic     | 4 5 6 8 9 |  9.0
Conjurations   | 2 3 4 5 6 |  6.2
Dodging        | 3 4 |  4.0
Spellcasting   | 4 5 6 8 10 11 | 11.4
Stealth        | 3 4 |  4.1
Fighting       | 1 |  1.2
Short Blades   | 1 |  1.6

Action                     |  1- 3 |  4- 6 |  7- 9 || total
---------------------------+-------+-------+-------++-------
  Melee: Short sword       |     2 |       |       ||     2
         Dagger            |       |    34 |    40 ||    74
         Punch             |       |       |     3 ||     3
   Cast: Foxfire           |    50 |   100 |   176 ||   326
         Scorch            |     5 |    30 |    50 ||    85
         Inner Flame       |       |     1 |       ||     1
         Flame Wave        |       |       |     3 ||     3
    Use: Scroll            |       |    11 |     4 ||    15
 Armour: Robe              |     4 |    47 |    60 ||   111
  Dodge: Dodged            |     4 |    68 |    58 ||   130

Table legend: (Time is in decaauts)
 A = Elapsed time spent in this place.
 B = Non-inter-level travel time spent in this place.
 C = Inter-level travel time spent in this place.
 D = Time resting spent in this place.
 E = Time spent auto-exploring this place.
 F = Levels seen in this place.
 G = Mean time per level.
                   A        B        C        D        E       F      G
               +--------+--------+--------+--------+--------+-----+--------+
         Total |   6865 |   6720 |    145 |    250 |   5264 |   9 |  762.8 |
       Dungeon |   6269 |   6140 |    129 |    250 |   4802 |   7 |  895.6 |
        Temple |     30 |     15 |     15 |      0 |      0 |   1 |   30.0 |
       Ossuary |    564 |    564 |      0 |      0 |    462 |   1 |  564.0 |
               +--------+--------+--------+--------+--------+-----+--------+

Top non-repeatable levels by time:
     D:3: 1236 daAuts
     D:2: 1122 daAuts
     D:4: 884 daAuts
     D:5: 874 daAuts
     D:1: 850 daAuts
     D:6: 750 daAuts
 Ossuary: 564 daAuts
     D:7: 550 daAuts
  Temple: 30 daAuts
